AoeStats
← Zucca

Arena

509726407Analyzed
3v3 RM · 6d ago on Sep 27, 2026· 42m 14s· 6 players
Game mode
Random Map
Map size
Normal (6 player)
Population
200
Speed
Normal
Resources
Standard
Victory
Conquest
Starting age
Dark Age
Ending age
Imperial Age
RankedLock teamsTeams togetherTeam positionsShared explorationLock speedFull tech treeHidden civsTurbo modeCheats
Victory
Defeat
🇹🇷 Chinese · Türkiye
903
+13
🇺🇸 Persians · United States
885
+14
🇵🇱 Cumans · Poland
872
+14
🇦🇷 Franks · Argentina
891
-16
🇦🇷 Goths · Argentina
851
-14
🇦🇷 Aztecs · Argentina
765
-11
Bruin878
0:40 Loom
11:56 Feudal Age
10:33 Loom
18:11 Castle Age
16:19 Double-Bit Axe
16:24 Horse Collar
17:04 Gold Mining
17:28 Stone Mining
19:09 Wheelbarrow
22:28 Heavy Plow
22:48 Hand Cart
31:43 Imperial Age
31:34 Scale Barding Armor
31:40 Forging
33:00 Crop Rotation
32:53 Chain Barding Armor
33:16 Bloodlines
33:08 Husbandry
32:33 Cavalier
34:18 Chemistry
34:15 Iron Casting
33:12 Elite War Elephant
34:14 Conscription
35:22 Gold Shaft Mining
35:28 Plate Barding Armor
37:36 Blast Furnace
36:00 Savar
37:18 Caravan
malolepszy.adrian
10:05 Feudal Age
11:46 Wheelbarrow
11:06 Double-Bit Axe
15:53 Horse Collar
17:12 Man-at-Arms
23:06 Forging
26:54 Castle Age
27:18 Stone Mining
27:58 Gold Mining
28:28 Heavy Plow
28:52 Bow Saw
30:12 Iron Casting
29:28 Fletching
30:12 Hand Cart
30:45 Town Watch
sehremini
0:40 Loom
11:36 Feudal Age
14:06 Wheelbarrow
17:34 Castle Age
15:47 Stone Mining
15:56 Fletching
16:14 Double-Bit Axe
16:32 Horse Collar
17:11 Town Watch
18:49 Bow Saw
21:30 Gold Mining
25:02 Heavy Plow
27:47 Hand Cart
31:48 Imperial Age
29:51 Padded Archer Armor
29:47 Bodkin Arrow
30:19 Ballistics
30:23 Arson
31:37 Gold Shaft Mining
31:24 Leather Archer Armor
31:14 Heated Shot
31:52 Pikeman
32:32 Squires
33:40 Chemistry
33:20 Ring Archer Armor
33:06 Bracer
33:49 Elite Chu Ko Nu
34:50 Conscription
34:51 Forging
34:41 Scale Mail Armor
36:09 Two-Man Saw
35:16 Elite Fire Lancer
37:12 Rocketry
38:03 Iron Casting
37:43 Chain Mail Armor
Blackbird
0:30 Loom
12:18 Feudal Age
13:07 Horse Collar
13:14 Double-Bit Axe
21:04 Stone Mining
24:34 Castle Age
25:51 Forging
25:44 Scale Mail Armor
27:33 Bow Saw
27:53 Heavy Plow
28:30 Stone Shaft Mining
27:49 Gold Mining
32:21 Pikeman
33:02 Squires
33:49 Wheelbarrow
33:58 Town Watch
34:55 Town Patrol
35:43 Hand Cart
36:08 Iron Casting
35:48 Chain Mail Armor
35:08 Man-at-Arms
35:53 Caravan
36:24 Coinage
36:43 Anarchy
36:49 Murder Holes
36:35 Treadmill Crane
pedrantix
0:27 Loom
0:28 Loom
13:02 Feudal Age
13:55 Double-Bit Axe
13:52 Horse Collar
20:26 Castle Age
20:26 Forging
20:17 Scale Mail Armor
21:07 Crossbowman
21:50 Squires
26:10 Wheelbarrow
27:50 Hand Cart
28:38 Pikeman
29:04 Arson
31:08 Fletching
31:18 Padded Archer Armor
31:54 Iron Casting
31:34 Chain Mail Armor
36:27 Imperial Age
35:05 Leather Archer Armor
34:45 Bodkin Arrow
34:57 Elite Skirmisher
37:50 Ballistics
37:40 Careening
37:27 Murder Holes
37:40 Siege Engineers
38:36 Chemistry
38:34 Bracer
39:34 Blast Furnace
38:34 Bracer
38:49 Chain Mail Armor
41:15 Bow Saw
Zucca
0:26 Loom
12:22 Feudal Age
21:03 Castle Age
19:18 Double-Bit Axe
20:26 Stone Mining
20:30 Fletching
21:35 Padded Archer Armor
22:04 Bow Saw
24:51 Wheelbarrow
25:14 Crossbowman
27:38 Hand Cart
27:46 Ballistics
30:14 Gold Mining
29:54 Pikeman
30:35 Squires
34:42 Imperial Age
33:53 Gold Shaft Mining
33:10 Gambesons
34:03 Fortified Wall
34:55 Husbandry
34:16 Light Cavalry
35:03 Scale Barding Armor
35:08 Forging
35:44 Conscription
36:41 Chemistry
35:22 Treadmill Crane
37:41 Iron Casting
37:26 Chain Barding Armor
37:08 Arrowslits
37:52 Caravan
38:18 Bodkin Arrow
38:56 Chivalry
40:19 Blast Furnace
39:19 Scale Mail Armor
40:19 Blast Furnace
39:19 Scale Mail Armor
39:20 Halberdier
Connection lost

Rejoining the realm…

Still unreachable

The connection could not be restored.

Session expired

The server has moved on; the page needs a fresh start.